 Dungeon Crawl Stone Soup version 0.31-a0-626-g8143ab4f1d (webtiles) character file.

Game seed: 4019847746962954283

318 LeprechaunX the Changeling (level 6, 0/41 HPs)
             Began as an Octopode Shapeshifter on Aug 24, 2023.
             Slain by a centaur (3 damage)
             ... on level 4 of the Dungeon.
             The game lasted 00:02:41 (2781 turns).

LeprechaunX the Changeling (Octopode Shapeshifter)  Turns: 2781, Time: 00:02:42

Health: 0/41       AC:  1    Str: 17    XL:     6   Next: 45%
Magic:  6/6        EV: 13    Int: 10    God:
Gold:   84         SH:  0    Dex: 12    Spells: 5/5 levels left

rFire   . .          .
                       - Unarmed
rCold   . . .        (no shield)
rNeg    . . .        (helmet currently unavailable)
rPois   .            (no amulet)
rElec   .            l - +4 ring of slaying
rCorr   .            (no ring)
SInv    .            (no ring)
Will    .....        (no ring)
Stlth   ++           (no ring)
HPRegen 0.26/turn    (no ring)
MPRegen 0.10/turn    (no ring)
                     (no ring)

%: no passive effects
@: beast-form
A: beast (slay +2), almost no armour, amphibious, 8 rings, camouflage 1,
gelatinous body 1, (nimble swimmer 1), tentacles
a: Begin Untransformation


You were on level 4 of the Dungeon.
You were a hulking beast.
You visited 1 branch of the dungeon, and saw 4 of its levels.

You collected 84 gold pieces.

Inventory:

Jewellery
 l - a +4 ring of slaying (left tentacle)
Talismans
 b - a beast talisman (active)
 c - a flux talisman
Scrolls
 h - 2 scrolls of teleportation {unknown}
 i - a scroll of enchant weapon {unknown}
 j - a scroll of fog {unknown}
 k - a scroll of revelation {unknown}
Potions
 a - a potion of lignification
 d - a potion of resistance {unknown}
 e - a potion of enlightenment {unknown}
 f - a potion of brilliance {unknown}
 g - 5 potions of curing {unknown}


   Skills:
 + Level 2.8 Fighting
 + Level 3.3 Dodging
 + Level 4.1 Unarmed Combat
 * Level 4.7 Shapeshifting


You had 5 spell levels left.
You didn't know any spells.
Your spell library contained the following spells:

 Spells                   Type           Power      Damage    Failure   Level
 Animate Dead             Necr           0%         N/A       98%         4
 Borgnjor's Vile Clutch   Necr/Erth      0%         N/A       100%        5
 Death Channel            Necr           0%         N/A       100%        6


Dungeon Overview and Level Annotations

Branches:
Dungeon (4/15)
 Temple: D:4-7

Altars:

Shops:
D:2 [

Annotations:
D:3 1 runed translucent door, Crazy Yiuf


Innate Abilities, Weirdness & Mutations

You are a hulking beast.
Your limbs bulge with bestial killing power. (Slay +2)
You cannot wear most types of armour.
You are amphibious.
You can wear up to eight rings at the same time.
Your skin changes colour to match your surroundings (Stealth+).
Your rubbery body absorbs attacks. (AC +1, EV +1)
((You are camouflaged when in or above water. (Stealth+)))
You have tentacles for arms and can constrict up to eight enemies at once.


Message History

The giant cockroach completely misses you.
You bludgeon the giant cockroach!
You kill the giant cockroach!
A centaur comes into view.
You see here a giant cockroach corpse.
The helpless orc fails to defend itself.
You bludgeon the orc!
You kill the orc!
The centaur shouts!
The centaur wields a +0 shortbow.
The centaur shoots an arrow.
The arrow hits you!
The centaur shoots an arrow.
The arrow misses you.
The centaur shoots an arrow.
The arrow completely misses you.
The centaur shoots an arrow.
The arrow hits you!
You are too injured to fight recklessly!
You are too injured to fight recklessly!
You are too injured to fight recklessly!
The centaur shoots an arrow.
The arrow hits you!
The centaur shoots an arrow.
The arrow hits you.
* * * LOW HITPOINT WARNING * * *
You see here a hobgoblin corpse.
You start resting.
A centaur is nearby!
The centaur unwields a +0 shortbow.
The centaur hits you.
* * * LOW HITPOINT WARNING * * *
The centaur barely misses you.
You tentacle-slap the centaur.
The centaur is lightly wounded.
The centaur barely misses you. The centaur kicks you.
* * * LOW HITPOINT WARNING * * *
The centaur hits you.
* * * LOW HITPOINT WARNING * * *
The centaur barely misses you.
You closely miss the centaur. You squeeze the centaur!
The centaur is severely wounded.
The centaur closely misses you. x2
You bludgeon the centaur!
The centaur is almost dead.
The centaur misses you. The centaur kicks you.
You die...

#..# #.# ......... #...
..... ... ##.......
.....##..####.......#
......c.............
....... ..........# .####
#..b..###c......###.....##
#.....##h........##.....
#.....#..##.............
#.....†......?.........#
....##..†............$.##
.....b...###........#...###
.......)..###.##....#...#..
.........##................
...............##......<.#.
...............###....$.##


You could see a centaur.

Vanquished Creatures
  Sigmund (D:3)
  Terence (D:3)
  Natasha (D:3)
  4 adders
  A worm (D:2)
  3 orcs
  5 bats
  10 endoplasms
  2 giant cockroaches
  2 goblins (D:1)
  5 hobgoblins
  4 jackals (D:3)
  2 quokkas (D:1)
  7 ball pythons
  A frilled lizard (D:1)
  2 kobolds
  8 rats
59 creatures vanquished.

Notes
Turn   | Place    | Note
-------+----------+-------------------------------------------
     0 | D:1      | LeprechaunX the Octopode Shapeshifter began the quest for
                  | the Orb.
     0 | D:1      | Reached XP level 1. HP: 13/13 MP: 1/1
   106 | D:1      | Reached XP level 2. HP: 16/18 MP: 2/2
   595 | D:1      | Reached XP level 3. HP: 23/23 MP: 3/3
  1005 | D:2      | Found Igira's Armour Shop.
  1599 | D:3      | Noticed Terence
  1604 | D:3      | Killed Terence
  1605 | D:3      | Reached XP level 4. HP: 15/29 MP: 4/4
  1742 | D:3      | Noticed Natasha
  1746 | D:3      | Killed Natasha
  1747 | D:3      | Reached XP level 5. HP: 25/34 MP: 5/5
  2441 | D:3      | Found a runed translucent door.
  2442 | D:3      | Noticed Crazy Yiuf
  2479 | D:3      | Noticed Sigmund
  2488 | D:3      | Killed Sigmund
  2489 | D:3      | Reached XP level 6. HP: 41/41 MP: 6/6
  2779 | D:4      | HP: 2/41 [centaur (2)]
  2781 | D:4      | Slain by a centaur

Illustrated notes

Levels and vault maps discovered:
D:1:      giann_horns, layout_basic, nrook_mini_vaults
D:2:      layout_basic, serial_shops, nicolae_shop_tiny_statue_garden
D:3:      wander_river, layout_basic, uniq_terence, uniq_natasha,
          uniq_crazy_yiuf_cottage, uniq_sigmund
D:4:      layout_cave_pools, trog_hazing_becter, minmay_temple_entry_butterflies

Skill      XL: |  1  2  3  4  5 |
---------------+----------------+-----
Fighting       | 2 |  2.8
Shapeshifting  | 4 |  4.7
Dodging        | 3 |  3.3
Unarmed Combat | 4 |  4.1

Action                     |  1- 3 |  4- 6 || total
---------------------------+-------+-------++-------
  Melee: Unarmed           |    63 |    45 ||   108
         Constrict         |    15 |     7 ||    22
         Tentacles         |    11 |     7 ||    18
         Punch             |     2 |     4 ||     6
   Stab: Sleeping          |     7 |     9 ||    16
 Armour: Skin              |     2 |     2 ||     4
  Dodge: Dodged            |    26 |    25 ||    51

Table legend: (Time is in decaauts)
 A = Elapsed time spent in this place.
 B = Non-inter-level travel time spent in this place.
 C = Inter-level travel time spent in this place.
 D = Time resting spent in this place.
 E = Time spent auto-exploring this place.
 F = Levels seen in this place.
 G = Mean time per level.
                   A        B        C        D        E       F      G
               +--------+--------+--------+--------+--------+-----+--------+
         Total |   2782 |   2697 |     85 |    111 |   2222 |   4 |  695.5 |
       Dungeon |   2782 |   2697 |     85 |    111 |   2222 |   4 |  695.5 |
               +--------+--------+--------+--------+--------+-----+--------+

Top non-repeatable levels by time:
     D:3: 1165 daAuts
     D:1: 858 daAuts
     D:2: 726 daAuts
     D:4: 32 daAuts
